 Dungeon Crawl Stone Soup version 0.28.0-53-g5a82cb258f (webtiles) character file.

Game seed: 10517548888299966308

63 Tirrikindir the Conjurer (level 4, 0/27 HPs)
             Began as an Octopode Conjurer on Aug 22, 2022.
             Was a Believer of Vehumet.
             Slain by Sigmund
             ... wielding a +0 scythe
              (2 damage)
             ... on level 3 of the Dungeon.
             The game lasted 00:06:25 (1688 turns).

Tirrikindir the Conjurer (Octopode Conjurer)        Turns: 1688, Time: 00:06:26

Health: 0/27       AC:  1    Str:  5 (6)  XL:     4   Next: 9%
Magic:  1/7        EV: 13    Int: 17 (20) God:    Vehumet [**....]
Gold:   118        SH:  0    Dex: 11 (12) Spells: 4/8 levels left

rFire   . . .      SeeInvis .   d - +0 short sword
rCold   . . .      Faith    .   (no shield)
rNeg    . . .      Spirit   .   (helmet restricted)
rPois   .          Reflect  .   (no amulet)
rElec   .          Harm     .   (no ring)
rCorr   .          Rampage  .   (no ring)
Will    .....                   (no ring)
Stlth   +++.......              (no ring)
HPRegen 0.09/turn               (no ring)
MPRegen 0.10/turn               (no ring)
                                (no ring)
                                (no ring)

@: mighty
A: almost no armour, amphibious, 8 rings, camouflage 1, gelatinous body 1,
(nimble swimmer 1), tentacles, tentacle spike 1
a: Renounce Religion


You were on level 3 of the Dungeon.
You worshipped Vehumet.
Vehumet was pleased with you.
You visited 1 branch of the dungeon, and saw 3 of its levels.

You collected 118 gold pieces.

Inventory:

Hand Weapons
 d - a +0 short sword (weapon)
Scrolls
 g - a scroll of enchant weapon {unknown}


   Skills:
 + Level 0.8 Fighting
 + Level 2.4 Dodging
 + Level 3.2 Stealth
 * Level 2.5 Spellcasting
 * Level 4.5 Conjurations
 + Level 0.5 Fire Magic


You had 4 spell levels left.
You knew the following spells:

 Your Spells              Type           Power      Damage    Failure   Level
a - Magic Dart            Conj           68%        1d6       2%          1
b - Foxfire               Conj/Fire      40%        2x1d6     6%          1
c - Searing Ray           Conj           34%        2d5       4%          2

Your spell library contained the following spells:

 Spells                   Type           Power      Damage    Failure   Level
 Scorch                   Fire           8%         2d5       22%         2
 Dazzling Flash           Conj/Hex       18%        N/A       22%         3
 Confusing Touch          Hex            2%         N/A       50%         3
 Fulminant Prism          Conj/Hex       4%         3d6       56%         4
 Iskenderun's Mystic Bla  Conj/Tloc      9%         2d4       56%         4
 Yara's Violent Unravell  Hex/Tmut       1%         3d3       99%         5
 Enfeeble                 Hex            1%         N/A       100%        7


Dungeon Overview and Level Annotations

Branches:
Dungeon (3/15)

Altars:
Ashenzari
Vehumet

Shops:
D:2 =

Annotations:
D:3 Sigmund


Innate Abilities, Weirdness & Mutations

You cannot wear most types of armour.
You are amphibious.
You can wear up to eight rings at the same time.
Your skin changes colour to match your surroundings (Stealth+).
Your rubbery body absorbs attacks. (AC +1, EV +1)
((You are camouflaged when in or above water. (Stealth+)))
You have tentacles for arms and can constrict up to eight enemies at once.
One of your tentacles bears a spike.


Message History

The searing ray hits Sigmund.
Sigmund is severely wounded. (Press . to maintain the ray.) Without enough magic to sustain it, your searing ray dissipates.
Sigmund hits you from afar with a +0 scythe!
* * * LOW HITPOINT WARNING * * *
Sigmund closely misses you.
It was a potion of might.
You feel very mighty all of a sudden.
It was a potion of curing.
You feel better.
Sigmund hits you from afar with a +0 scythe.
It was a potion of heal wounds.
You feel much better. Sigmund barely misses you.
You closely miss Sigmund. Your grab misses Sigmund.
Your tentacle spike misses Sigmund.
Sigmund is severely wounded.
Sigmund casts a spell at you.
You are confused.
You're too confused to move!
Sigmund closely misses you.
You hit Sigmund.
You pierce Sigmund.
Your squeeze misses Sigmund.
Sigmund is almost dead.
You're too confused to move!
Sigmund gestures at you while chanting. The magic dart hits you!
Sigmund completely misses you.
Sigmund casts a spell.
Sigmund flickers and vanishes!
Deactivating autopickup; reactivate with Ctrl-A.
You closely miss something. Something hits you!
* * * LOW HITPOINT WARNING * * *
You bump into the rock wall.
You feel less confused.
You feel better. Something hits you!
* * * LOW HITPOINT WARNING * * *
Okay, then.
It was a potion of degeneration.
There was something very wrong with that liquid.
You feel weakened.
You feel dopey.
You feel clumsy. Something hits you.
You die...

#.# ########.#
.........######
######.........
#.###.#.####..
#......>.....
#.###!.#####.
#.# #..##
#@###....
#{........
#..............
######.........
### .........
#<. ...... #.#
..... ..# [..:.
##.# .... #.#


There were no monsters in sight!

Vanquished Creatures
  An adder (D:2)
  A dart slug (D:2)
  5 endoplasms
  2 giant cockroaches
  5 goblins
  4 hobgoblins
  2 jackals (D:2)
  4 quokkas
  4 ball pythons
  4 bats
  3 frilled lizards
  5 kobolds
  8 rats
48 creatures vanquished.

Vanquished Creatures (others)
  2 foxfires (D:3)
2 creatures vanquished.

Grand Total: 50 creatures vanquished

Notes
Turn   | Place    | Note
-------+----------+-------------------------------------------
     0 | D:1      | Tirrikindir the Octopode Conjurer began the quest for the
                  | Orb.
     0 | D:1      | Reached XP level 1. HP: 11/11 MP: 3/3
   204 | D:1      | Found a faded altar of an unknown god.
   208 | D:1      | Reached XP level 2. HP: 17/17 MP: 1/5
   279 | D:1      | Prayed at the altar of an unknown god.
   279 | D:1      | Became a worshipper of Vehumet
   279 | D:1      | Reached * piety under Vehumet
   279 | D:1      | Offered knowledge of Foxfire by Vehumet.
   283 | D:1      | Learned a level 1 spell: Foxfire
   286 | D:1      | Learned a level 2 spell: Searing Ray
   786 | D:2      | Reached XP level 3. HP: 17/21 MP: 3/6
   887 | D:2      | Reached ** piety under Vehumet
   935 | D:2      | Offered knowledge of Scorch by Vehumet.
   949 | D:2      | Found Tusay's Jewellery Boutique.
  1234 | D:2      | Gained mutation: You are dopey. (Int -2) [potion of
                  | mutation]
  1235 | D:2      | Lost mutation: You are dopey. (Int -2) [potion of mutation]
  1235 | D:2      | Gained mutation: One of your tentacles bears a spike.
                  | [potion of mutation]
  1430 | D:3      | Reached XP level 4. HP: 27/27 MP: 5/7
  1607 | D:3      | Found a broken altar of Ashenzari.
  1655 | D:3      | Noticed Sigmund
  1688 | D:3      | Slain by Sigmund

Illustrated notes

Levels and vault maps discovered:
D:1:      shiori_arrival_oz, layout_rooms, dreamdust_ecumenical_altar_grove
D:2:      layout_rooms, serial_shops, nicolae_shop_waterfront
D:3:      layout_basic, lemuel_tele_altar, lemuel_zombie_altar_kikubaaqudgha,
          uniq_sigmund

Skill      XL: |  1  2 |
---------------+-------+-----
Stealth        | 3 |  3.2
Fighting       | |  0.8
Dodging        | |  2.4
Spellcasting   | |  2.5
Conjurations   | |  4.5
Fire Magic     | |  0.5

Action                   |  1- 3 |  4- 6 || total
-------------------------+-------+-------++-------
Melee: Mace              |    11 |       ||    11
       Constrict         |     7 |       ||     7
       Tentacles         |     6 |       ||     6
       Short sword       |    10 |     6 ||    16
       Kick              |     1 |     2 ||     3
 Cast: Magic Dart        |    41 |     4 ||    45
       Searing Ray       |     2 |     2 ||     4
       Foxfire           |       |     1 ||     1
  Use: Scroll            |     3 |       ||     3
       Potion            |     2 |     5 ||     7
 Stab: Sleeping          |     3 |     2 ||     5
Armor: Skin              |     5 |       ||     5
Dodge: Dodged            |    17 |     6 ||    23
